 Dungeon Crawl Stone Soup version 0.30-a0-852-g08b95dd62f (webtiles) character file.

Game seed: 14735559565549616823

42 Mickster the Trooper (level 3, 0/24 HPs)
             Began as a Gargoyle Berserker on Mar 4, 2023.
             Was a Believer of Trog.
             Slain by a gnoll
             ... wielding a +0 flail
              (7 damage)
             ... on level 2 of the Dungeon.
             The game lasted 00:11:58 (994 turns).

Mickster the Trooper (Gargoyle Berserker)            Turns: 994, Time: 00:11:59

Health: 0/24       AC:  5    Str: 20    XL:     3   Next: 54%
Magic:  3/3        EV: 12    Int:  7    God:    Trog [**....]
Gold:   89         SH:  0    Dex: 11    Spells: 2/2 levels left

rFire   . . .      SeeInvis .    a - +0 hand axe
rCold   . . .      Faith    +    (no shield)
rNeg    + . .      Spirit   .    b - +0 animal skin
rPois   ∞          Reflect  .    (no helmet)
rElec   +          Rampage  .    (no cloak)
rCorr   .                        (no gloves)
Will    .....                    (no boots)
Stlth   +                        d - amulet of faith
HPRegen 0.24/turn                (no ring)
MPRegen 0.08/turn                (no ring)

@: no status effects
A: sickness immunity, AC +3, negative energy resistance 1, electricity
resistance, torment resistance 1, petrification resistance
a: Renounce Religion, Berserk, Trog's Hand


You were on level 2 of the Dungeon.
You worshipped Trog.
Trog was pleased with you.
You visited 1 branch of the dungeon, and saw 2 of its levels.

You collected 89 gold pieces.

Inventory:

Hand Weapons
 a - a +0 hand axe (weapon)
Missiles
 c - 12 stones
 e - 4 curare-tipped darts (quivered)
Armour
 b - a +0 animal skin (worn)
Jewellery
 d - an amulet of faith (around neck)
Scrolls
 f - a scroll of teleportation {unknown}
 g - a scroll of identify
 h - 3 scrolls of poison
Potions
 i - a potion of flight {unknown}


   Skills:
 + Level 3.7 Fighting
 * Level 3.4 Axes
 + Level 2.2 Armour
 + Level 2.0 Dodging


You had 2 spell levels left.
You didn't know any spells.
Your spell library contained the following spells:

 Spells                   Type           Power      Damage    Failure   Level
 Slow                     Hex            0%         N/A       43%         1
 Confusing Touch          Hex            0%         N/A       80%         3
 Summon Guardian Golem    Hex/Summ       0%         N/A       80%         3
 Vampiric Draining        Necr           0%         2d6       80%         3
 Orb of Destruction       Conj           0%         9d5       100%        7
 Spellforged Servitor     Conj/Summ      0%         N/A       100%        7


Dungeon Overview and Level Annotations

Branches:
Dungeon (2/15)

Altars:


Innate Abilities, Weirdness & Mutations

You are immune to sickness and miasma.
Your stone body is resilient. (AC +3)
You are immune to poison.
You resist negative energy. (rN+)
You are resistant to electric shocks. (rElec)
You are resistant to unholy torment.
You are immune to petrification.


Message History

f - a scroll labelled XEKLOS FOLEATI
Found a fuming golden potion.
You feel a little less clever now.
i - a fuming golden potion A bat comes into view.
The bat hits you but does no damage.
You hit the bat.
You kill the bat!
Trog accepts your kill.
Found a stone staircase leading down.
A gnoll comes into view. It is wielding a +0 spear.
The gnoll shouts!
You hear a shout! x3
The gnoll hits you with a +0 spear.
You hit the gnoll.
The gnoll is moderately wounded.
The gnoll hits you with a +0 spear.
You hit the gnoll.
The gnoll is severely wounded.
A gnoll comes into view. It is wielding a +0 flail.
The gnoll hits you with a +0 spear.
You barely miss the gnoll.
The gnoll is severely wounded.
The gnoll hits you with a +0 spear.
* * * LOW HITPOINT WARNING * * *
You hit the gnoll.
You kill the gnoll!
Trog accepts your kill.
Your Dodging skill increases to level 2!
You hit the gnoll.
The gnoll is lightly wounded.
The gnoll barely misses you.
You hit the gnoll but do no damage.
The gnoll is lightly wounded.
The gnoll hits you but does no damage.
You hit the gnoll but do no damage.
The gnoll is lightly wounded.
The gnoll hits you with a +0 flail.
* * * LOW HITPOINT WARNING * * *
The gnoll hits you with a +0 flail!
You die...

##### #...#############
#...............####
####...##...###....>...
#.....###..............
#.##### #...###.##.###.
#.# #..## #@# #.# #..#
#g# #.# #..# #.# #.#
#..# ... #.# #..# ..#
##.#######..........#
#.................#.#
...########.........
..## #..#......


You could see a gnoll.

Vanquished Creatures
  A gnoll (D:2)
  2 dart slugs (D:1)
  5 bats
  A giant cockroach (D:1)
  3 goblins (D:1)
  2 hobgoblins (D:1)
  3 jackals (D:1)
  A ball python (D:1)
  2 frilled lizards (D:1)
  3 kobolds (D:1)
  4 rats (D:1)
27 creatures vanquished.

Notes
Turn   | Place    | Note
-------+----------+-------------------------------------------
     0 | D:1      | Mickster the Gargoyle Berserker began the quest for the
                  | Orb.
     0 | D:1      | Reached XP level 1. HP: 14/14 MP: 1/1
   105 | D:1      | Reached XP level 2. HP: 19/19 MP: 2/2
   474 | D:1      | Reached ** piety under Trog
   478 | D:1      | Reached XP level 3. HP: 12/24 MP: 3/3
   648 | D:1      | Found a faded altar of an unknown god.
   994 | D:2      | Slain by a gnoll

Illustrated notes

Levels and vault maps discovered:
D:1:      psy_arrival_fountain, layout_rooms, shapermc_ecumenical_altar_pompeii
D:2:      layout_loops_ring

Skill      XL: |  1  2  3 |
---------------+----------+-----
Axes           | 3 |  3.4
Dodging        | 2 |  2.0
Fighting       | |  3.7
Armour         | |  2.2

Action                     || total
---------------------------++-------
  Melee: Hand axe          ||    66
         Punch             ||     1
    Use: Scroll            ||     3
         Potion            ||     1
 Armour: Animal skin       ||    31
  Dodge: Dodged            ||    62

Table legend: (Time is in decaauts)
 A = Elapsed time spent in this place.
 B = Non-inter-level travel time spent in this place.
 C = Inter-level travel time spent in this place.
 D = Time resting spent in this place.
 E = Time spent auto-exploring this place.
 F = Levels seen in this place.
 G = Mean time per level.
                   A        B        C        D        E       F      G
               +--------+--------+--------+--------+--------+-----+--------+
         Total |   1003 |    994 |      9 |    259 |      0 |   2 |  501.5 |
       Dungeon |   1003 |    994 |      9 |    259 |      0 |   2 |  501.5 |
               +--------+--------+--------+--------+--------+-----+--------+

Top non-repeatable levels by time:
     D:1: 809 daAuts
     D:2: 193 daAuts
